 Dungeon Crawl Stone Soup version 0.30-a0-726-gd89dcf765f (webtiles) character file.

Game seed: 10854343411110246177

286385 Spectrina the Impaler (level 20, 0/155 HPs)
             Began as a Merfolk Reaver on Jan 22, 2023.
             Was a Priest of Yredelemnul.
             Slain by Mennas
             ... wielding a +2 trishula of holy wrath
              (4 damage)
             ... on level 2 of the Vaults on Jan 29, 2023.
             The game lasted 07:58:53 (29001 turns).

Spectrina the Impaler (Merfolk Reaver)             Turns: 29001, Time: 07:58:54

Health: 0/155      AC: 23    Str: 36    XL:     20   Next: 64%
Magic:  18/45      EV: 18    Int: 16    God:    Yredelemnul [***...]
Gold:   1972       SH:  0    Dex: 23    Spells: 0/43 levels left

rFire   . . .      SeeInvis .    a - +8 trident "Togobir" {freeze, Will+ Dex+2}
rCold   . . .      Faith    +    s - orb {light}
rNeg    . . .      Spirit   .    v - +5 scale mail of Ongos {Fly Str+6}
rPois   .          Reflect  .    h - +1 hat of Fadghu Idilu {Dex+5}
rElec   +          Harm     .    T - +2 cloak {rCorr}
rCorr   +          Rampage  .    z - +2 pair of gloves
Will    ++...                    q - +1 pair of boots "Zianykeg" {rCorr Str+3 Slay+3}
Stlth   ++                       e - amulet of faith
HPRegen 0.45/turn                E - +6 ring of strength
MPRegen 0.29/turn                Z - ring "Sipsen" {rElec MP+9 Int+3 Dex+4}

@: mighty, flying, slightly contaminated, hasted, glowing, very quick
A: (nimble swimmer 2), mertail
}: 2/15 runes: decaying, serpentine
a: Renounce Religion, Recall Undead Harvest, Dark Bargain


You were on level 2 of the Vaults.
You worshipped Yredelemnul.
Yredelemnul was pleased with you.
You visited 7 branches of the dungeon, and saw 33 of its levels.
You also visited: Bailey, Gauntlet and Wizlab.

You collected 3898 gold pieces.
You spent 1926 gold pieces at shops.

Inventory:

Hand Weapons
 a - the +8 trident "Togobir" (weapon) {freeze, Will+ Dex+2}
   (You took it off a spriggan on level 9 of the Dungeon)

   Dex:       It affects your dexterity (+2).
   Will:      It increases your willpower.
Missiles
 w - 6 silver javelins
 y - 3 curare-tipped darts
 F - 15 javelins (quivered)
 G - 6 throwing nets
Armour
 h - the +1 hat of Fadghu Idilu (worn) {Dex+5}
   (You found it on level 1 of the Vaults)

   Dex:       It affects your dexterity (+5).
 n - a +2 pair of boots
 q - the +1 pair of boots "Zianykeg" (worn) {rCorr Str+3 Slay+3}
   (You found it in a wizard's laboratory)

   Str:       It affects your strength (+3).
   Slay:      It affects your accuracy & damage with ranged weapons and melee
   (+3).
   rCorr:     It protects you from acid and corrosion.
 s - an orb of light (worn)
 v - the +5 scale mail of Ongos (worn) {Fly Str+6}
   (You took it off a gnoll sergeant in a bailey)

   Str:       It affects your strength (+6).
   Fly:       It grants you flight.
 z - a +2 pair of gloves (worn)
 T - a +2 cloak of preservation (worn)
Jewellery
 b - a ring of positive energy
 e - an amulet of faith (around neck)
 g - a ring of willpower
 i - a ring of wizardry
 p - a +5 ring of evasion
 B - a ring of see invisible
 E - a +6 ring of strength (left hand)
 Z - the ring "Sipsen" (right hand) {rElec MP+9 Int+3 Dex+4}
   (You found it on level 1 of the Lair of Beasts)

   [ring of magical power]

   Int:       It affects your intelligence (+3).
   Dex:       It affects your dexterity (+4).
   rElec:     It insulates you from electricity.
   MP:        It affects your magic capacity (+9).
Wands
 c - a wand of acid (2)
 m - a wand of paralysis (32)
 x - a wand of iceblast (17)
 S - a wand of mindburst (2)
 U - a wand of digging (15)
Scrolls
 d - 7 scrolls of fog
 f - 2 scrolls of enchant armour
 l - 2 scrolls of fear
 o - 5 scrolls of poison
 t - 5 scrolls of magic mapping
 u - 2 scrolls of amnesia
 D - 2 scrolls of silence
 L - 6 scrolls of blinking
 N - 4 scrolls of vulnerability
 O - 17 scrolls of teleportation
 Q - 4 scrolls of immolation
 X - 2 scrolls of torment
Potions
 j - 2 potions of haste
 k - 3 potions of flight
 r - 4 potions of magic
 A - 2 potions of mutation
 H - 3 potions of cancellation
 J - 9 potions of lignification
 K - 7 potions of brilliance
 M - 4 potions of ambrosia
 P - 5 potions of attraction
 R - 6 potions of curing
 Y - a potion of invisibility
Miscellaneous
 I - a phial of floods
 V - a condenser vane


   Skills:
 + Level 12.6 Fighting
 - Level 16.0 Polearms
 * Level 9.6 Armour
 - Level 10.0 Dodging
 + Level 10.9 Stealth
 - Level 12.0 Spellcasting
 + Level 4.5 Conjurations
 + Level 11.1 Hexes
 + Level 8.6 Necromancy
 + Level 9.2 Transmutations
 - Level 5.0 Fire Magic
 - Level 16.0 Ice Magic
 - Level 5.0 Air Magic
 - Level 5.0 Poison Magic
 + Level 15.8 Invocations


You couldn't memorise any spells.
You knew the following spells:

 Your Spells              Type           Power      Damage    Failure   Level
a - Yara's Violent Unrav  Hex/Tmut       21%        3d10      5%          5
b - Blink                 Tloc           18%        N/A       19%         2
c - Passwall              Tmut/Erth      20%        N/A       2%          2
f - Irradiate             Conj/Tmut      15%        3d16      21%         5
j - Cause Fear            Hex            22%        N/A       1%          4
k - Anguish               Hex/Necr       20%        N/A       2%          4
l - Metabolic Englaciati  Hex/Ice        26%        N/A       1%          5
m - Swiftness             Air            25%        N/A       4%          3
p - Inner Flame           Hex/Fire       35%        N/A       1%          3
q - Wereblood             Tmut           39%        N/A       1%          2
r - Cigotuvi's Dreadful   Necr/Pois/Air  58%        N/A       1%          2
v - Hailstorm             Conj/Ice       42%        3d10      1%          3
y - Mephitic Cloud        Conj/Pois/Air  25%        N/A       4%          3

Your spell library contained the following spells:

 Spells                   Type           Power      Damage    Failure   Level
 Beastly Appendage        Tmut           78%        N/A       1%          1
 Kiss of Death            Conj/Necr      100%       2d13      1%          1
 Ensorcelled Hibernation  Hex/Ice        100%       N/A       1%          2
 Sublimation of Blood     Necr           37%        N/A       1%          2
 Ozocubu's Armour         Ice            57%        N/A       1%          3
 Spider Form              Tmut/Pois      32%        N/A       1%          3
 Ice Form                 Ice/Tmut       50%        N/A       1%          4
 Poisonous Vapours        Pois/Air       50%        N/A       2%          2
 Scorch                   Fire           50%        2d8       2%          2
 Summon Guardian Golem    Hex/Summ       27%        N/A       3%          3
 Momentum Strike          Conj/Tloc      32%        3d8       8%          2
 Freezing Cloud           Conj/Ice/Air   18%        6-21      11%         5
 Stone Arrow              Conj/Erth      32%        3d9       14%         3
 Ozocubu's Refrigeration  Ice            28%        4d13      14%         7
 Airstrike                Air            12%        2d(2-18)  16%         4
 Flame Wave               Conj/Fire      24%        2d8       17%         4
 Lesser Beckoning         Tloc           18%        N/A       19%         2
 Petrify                  Tmut/Erth      24%        N/A       19%         4
 Summon Lightning Spire   Summ/Air       17%        N/A       41%         4
 Lightning Bolt           Conj/Air       12%        1d25      43%         5
 Iskenderun's Battlesphe  Conj           24%        2d8       47%         5
 Enfeeble                 Hex            22%        N/A       73%         7
 Animate Armour           Summ/Erth      18%        N/A       77%         4
 Iron Shot                Conj/Erth      8%         9d3       100%        6
 Summon Cactus Giant      Summ           4%         N/A       100%        6
 Malign Gateway           Summ/Tloc      4%         N/A       100%        7
 Spellforged Servitor     Conj/Summ      8%         N/A       100%        7
 Discord                  Hex            22%        N/A       100%        8
 Lehudib's Crystal Spear  Conj/Erth      8%         10d3      100%        8
 Summon Horrible Things   Summ           4%         N/A       100%        8
 Simulacrum               Ice/Necr       Unusable   N/A       N/A         6

Dungeon Overview and Level Annotations

Branches:
Dungeon (15/15)            Temple (1/1) D:4            Lair (5/5) D:11
  Swamp (4/4) Lair:2        Snake (4/4) Lair:2        Slime (0/5) Lair:4
    Orc (2/2) D:9             Elf (0/3) Orc:2        Vaults (2/5) D:14
 Bailey (visited)          WizLab (visited)         Gauntlet (visited)
  Crypt: Vaults:2-3  Depths: D:15

Altars:
Ashenzari
Cheibriados
Dithmenos
Fedhas
Gozag
Hepliaklqana
Kikubaaqudgha
Makhleb
Nemelex Xobeh
Okawaru
Qazlal
Ru
Sif Muna
Trog
Uskayaw
Vehumet
Wu Jian
Xom
Yredelemnul
Zin
The Shining One

Shops:
D:9 [   D:13 *?!   Orc:2 ((=*(   Snake:1 :*   Snake:3 *   Vaults:1 (

Annotations:
Vaults:2 Mennas


Innate Abilities, Weirdness & Mutations

((You are very nimble when in or above water. (Stealth+, EV+, Speed+++)))
Your lower body shifts to a powerful aquatic tail in water.


Message History

Mennas is heavily wounded.
Mennas twists and deforms.
You are very lightly contaminated with residual magic.
Mennas hits you with a +2 trishula of holy wrath!
* * * LOW HITPOINT WARNING * * *
Mennas hits you but does no damage.
Casting: Irradiate (dangerous; 21% risk of failure)
Confirm with . or Enter, or press ? or * to list all spells.
You miscast Irradiate.
Nothing appears to happen.
Mennas hits you with a +2 trishula of holy wrath.
* * * LOW HITPOINT WARNING * * *
Mennas closely misses you.
Mennas blocks your deep troll zombie's attack. x2
Your deep troll zombie completely misses Mennas.
Your deep troll zombie misses Mennas.
Your deep troll zombie claws Mennas!
Your deep troll zombie claws Mennas.
Casting: Irradiate (dangerous; 21% risk of failure)
Confirm with . or Enter, or press ? or * to list all spells.
You erupt in a fountain of uncontrolled magic!
Mennas is blasted with magical radiation!
Mennas is heavily wounded.
Mennas twists and deforms.
You are lightly contaminated with residual magic.
Mennas hits you with a +2 trishula of holy wrath.
* * * LOW HITPOINT WARNING * * *
Mennas hits you with a +2 trishula of holy wrath!
* * * LOW HITPOINT WARNING * * *
Mennas blocks your attack.
Mennas is heavily wounded.
Mennas blocks your deep troll zombie's attack. x2
Your deep troll zombie misses Mennas.
Mennas blocks your deep troll zombie's attack.
Your deep troll zombie barely misses Mennas.
Your deep troll zombie claws Mennas!
You catch the helpless Mennas completely off-guard!
You impale Mennas!! You freeze Mennas!
Mennas is almost dead.
Mennas hits you with a +2 trishula of holy wrath.
You die...
Your body rises from the dead as a mindless zombie.

*,,,,,,,,,**,,+,,,,,,,* *,,**,,,,
*,,,,,,,,,+,,,*,,,,,,,* *,,,*,,,,
*,,,,,,,,,*,,8*,,,,,,,* *8,,*,,,,
*,,,,,,,,,+,,,*,,,,,,,* *,,,*,,,,
*,,,,,,,,,**,,*,,,,,,,* *,,**,,,,
*,,,,,,,,,*##+#,,,,,,,* *+***,,,,
############..#******** *,,**,,,,
)W.)).....#...#########**,,,*,,,,
).........'..ZZA@..8..+,,,,,*,,,,
Z.........#...Z.#.....#,,,,,*,,,,
########..##...###...##*,,,**,,,,
...#...#####'###**####***+***,,,,
.#.#)#.# ##..#*,,*,,,,,,,,,*,,,,
...#..Z# ##..##*,,*,,,,,,,,,*,,,,
.#Z###Z###..## *,,*,,,,,,,,,*,,,,
.ZZZ.ZZ##..## *,,*,,,,,<,,,*,,,,
.#.#Z#.Z..## *,,*,,,,,,,,,*,,,,


You could see Mennas (misshapen, ally target) and 3 friendly deep troll zombies.

Vanquished Creatures
  Saint Roka (Orc:2)
  An electric golem (WizLab)
  Jorgrun (Snake:1)
  Rupert (D:13)
  A lich (Vaults:1)
  A sphinx (Vaults:2)
  Donald (Orc:2)
  A nagaraja (Snake:3)
  2 fire giants
  A fenstrider witch (Swamp:2)
  3 orc warlords
  2 war gargoyles (WizLab)
  An angel (WizLab)
  2 ironbound preservers
  A very ugly thing (Vaults:1)
  3 ironbound thunderhulks
  Nessos (Orc:2)
  An eleionoma (Swamp:2)
  3 bunyips
  A fire dragon (D:10)
  4 crystal guardians (WizLab)
  A shambling mangrove (Swamp:4)
  Snorg (Orc:2)
  An ettin (Orc:1)
  Fannar (D:12)
  A great orb of eyes (Vaults:1)
  12 hydras
  4 vault guards (D:14)
  3 salamander tyrants
  8 anacondas
  3 ghost crabs
  An ironbound frostheart (Vaults:1)
  2 ogre magi
  6 peacekeepers (WizLab)
  7 boulder beetles
  10 centaur warriors
  20 two-headed ogres
  2 catoblepae
  2 alligators
  7 naga warriors
  The ghost of purpskrrrp the Destroyer, a journeyman TeFE of Vehumet (D:9)
  3 naga sharpshooters
  2 shock serpents
  Urug (Orc:2)
  A salamander mystic (Snake:4)
  A hell knight (Vaults:1)
  5 skeletal warriors (D:12)
  A fire crab (shapeshifter) (D:11)
  4 goliath frogs
  2 bog bodies
  Lodul (D:13)
  14 deep trolls
  A flayed ghost (Swamp:4)
  2 orc knights
  A spriggan druid (Swamp:4)
  3 swamp dragons
  A spectral hydra (Swamp:4)
  8 lindwurms
  3 ironbound convokers
  A will-o-the-wisp (Swamp:2)
  10 salamanders
  3 mana vipers
  8 ugly things
  A deep elf pyromancer (D:14)
  2 oklob plants
  2 orc sorcerers
  8 cyclopes
  2 manticores
  Maurice (D:8)
  2 guardian serpents
  10 elephants
  11 naga magi
  2 torpor snails
  12 black mambas
  A vault sentinel (Vaults:1)
  2 molten gargoyles (WizLab)
  Maggie (Lair:1)
  7 gargoyles (WizLab)
  13 cane toads
  An efreet (D:11)
  3 komodo dragons
  A freezing wraith (Swamp:4)
  3 rime drakes
  7 yaktaurs (Vaults:1)
  5 kobold demonologists
  2 death drake zombies (Swamp:4)
  11 trolls
  A bloated husk (Swamp:1)
  2 hydra zombies
  4 tyrant leeches
  3 hornets
  Grinder (D:4)
  13 blink frogs
  4 dream sheep
  Sigmund (D:6)
  3 spriggans
  5 slime creatures
  4 shadows
  5 wyverns
  A wraith (D:11)
  Grum (Lair:1)
  A golden eye (shapeshifter) (D:14)
  50 yaks
  A basilisk (Lair:1)
  A water elemental (D:13)
  5 steam dragons
  13 vampire mosquitoes
  4 wargs
  13 nagas
  16 swamp worms
  2 acid dragons
  2 two-headed ogre zombies
  12 water moccasins
  2 spectral yaks (Lair:1)
  A meliai simulacrum (D:11)
  A sky beast (D:6)
  7 swamp drakes
  19 orc warriors
  2 black bears
  2 ice beasts
  A hornet zombie (Swamp:4)
  7 wolves
  23 ogres
  3 boggarts (Vaults:1)
  6 centaurs
  2 phantoms
  7 kobold brigands
  11 bullfrogs
  Blork the orc (D:4)
  10 gnoll sergeants
  2 scorpions (D:6)
  A fire crab zombie (D:11)
  A necrophage (D:5)
  4 earth elementals (WizLab)
  A spectral kobold (D:11)
  2 yak zombies (Lair:1)
  16 killer bees
  10 electric eels
  2 wolf zombies
  A bullfrog zombie (D:8)
  2 lava snakes (Snake:4)
  A centaur zombie (D:8)
  14 orc priests
  3 hounds
  11 gnoll boudas
  Natasha (thrice) (D:4)
  Ijyb (D:4)
  An iguana (D:5)
  22 orc wizards
  2 lightning spires (WizLab)
  A spectral killer bee (D:11)
  3 killer bee zombies
  An ice beast zombie (D:8)
  An ogre zombie (Orc:2)
  A hound zombie (Bailey)
  A spectral human (D:6)
  5 adders
  38 gnolls
  2 shadow imps
  2 ufetubi (D:5)
  7 spectral gnolls
  3 worms
  94 orcs
  2 bats (D:1)
  4 endoplasms
  4 goblins
  10 hobgoblins
  2 jackals (D:3)
  17 kobolds
  A quokka (D:3)
  5 ball pythons
  A frilled lizard (D:1)
  2 gnoll zombies
  7 kobold zombies
  14 orc zombies
  3 rats
  5 spectral orcs
921 creatures vanquished.

Vanquished Creatures (collateral kills)
  Nikola (Vaults:1)
  A sphinx (Vaults:2)
  A tengu reaver (Vaults:1)
  2 thorn hunters (Swamp:4)
  6 nagarajas
  A very ugly thing (Vaults:1)
  5 ironbound preservers
  2 hydra skeletons (Swamp:4)
  A vampire knight (Swamp:4)
  A bunyip (Swamp:3)
  2 shambling mangroves
  An entropy weaver (Vaults:1)
  2 yaktaur captains (Vaults:1)
  3 vault guards (D:14)
  2 hydras (Swamp:3)
  11 anacondas
  A spriggan air mage (Swamp:1)
  A rakshasa (D:11)
  2 ogre magi
  A catoblepas (D:14)
  3 ghost crabs
  2 alligators
  4 boulder beetles
  3 centaur warriors
  2 ironbound frosthearts (Vaults:1)
  A two-headed ogre (D:11)
  12 naga warriors
  3 shock serpents
  7 naga sharpshooters
  A salamander mystic (Snake:4)
  2 skeletal warriors (D:12)
  A flayed ghost (Swamp:4)
  A goliath frog (Lair:5)
  17 deep trolls
  4 spriggan druids (Swamp:4)
  5 ironbound convokers
  4 lindwurms (Vaults:1)
  3 naga ritualists
  6 swamp dragons
  2 spectral hydras (Swamp:4)
  A wizard (Vaults:2)
  3 mana vipers
  An orc knight (Vaults:2)
  2 oklob plants (Swamp:4)
  A will-o-the-wisp (Swamp:2)
  2 cyclopes
  2 manticores
  A centaur zombie (Vaults:2)
  2 elephants (Lair:2)
  9 salamanders
  6 ugly things
  8 black mambas
  5 vault sentinels
  7 guardian serpents (Snake:4)
  6 cane toads (Lair:5)
  2 torpor snails
  7 naga magi
  3 unseen horrors (D:11)
  6 yaktaurs (Vaults:1)
  2 tengu conjurers (Vaults:1)
  A rime drake (Lair:5)
  A komodo dragon (Lair:1)
  A death drake zombie (Swamp:4)
  2 polar bears
  4 trolls
  8 hornets
  A tyrant leech (Lair:5)
  A hydra zombie (Swamp:4)
  A death drake skeleton (Swamp:4)
  A tarantella (Vaults:1)
  11 blink frogs
  2 dream sheep (Lair:1)
  A jumping spider (Vaults:1)
  A shadow (D:11)
  4 spriggans
  16 yaks
  A wyvern (Lair:5)
  7 vampire mosquitoes
  A basilisk (Lair:5)
  A redback (Vaults:1)
  A warg (Orc:1)
  A deep troll zombie (Vaults:2)
  19 nagas
  5 water moccasins
  4 swamp worms
  3 hydra simulacra (Swamp:4)
  7 swamp drakes
  3 orc warriors
  2 swamp dragon zombies (Swamp:4)
  A black bear (D:9)
  8 ogres
  A boggart (Vaults:1)
  2 centaurs
  A wolf (Bailey)
  4 salamander zombies (Snake:4)
  A wyvern zombie (D:8)
  8 bullfrogs
  9 killer bees
  4 electric eels
  A lava snake (Snake:4)
  A crimson imp (D:8)
  3 orc priests
  7 orc wizards
  A killer bee zombie (D:9)
  6 gnolls
  17 orcs
  A bat (D:1)
  A giant cockroach (D:3)
  A hobgoblin (D:4)
  4 kobolds
399 creatures vanquished.

Vanquished Creatures (others)
  2 vault wardens (Vaults:1)
  A very ugly thing (Vaults:1)
  A vampire knight (Swamp:4)
  A spectral naga (Vaults:2)
  A bunyip (Swamp:1)
  A vault guard (D:14)
  A hydra (Swamp:3)
  An anaconda (Snake:4)
  3 deep trolls (Vaults:2)
  2 goliath frogs (Swamp:4)
  A lindwurm (Vaults:1)
  2 swamp dragons
  5 anaconda zombies
  An ironbound convoker (Vaults:2)
  2 goliath frog zombies
  2 orc knights (Vaults:2)
  3 ugly thing zombies (D:11)
  A will-o-the-wisp (Swamp:4)
  A sphinx zombie (Vaults:2)
  A salamander (Snake:1)
  2 naga magi (Snake:4)
  A shock serpent zombie (Snake:4)
  A swamp worm zombie (Swamp:4)
  An unseen horror zombie (D:11)
  A freezing wraith (D:14)
  A spectral swamp dragon (Swamp:3)
  A spectral tyrant leech (Snake:1)
  7 human zombies
  2 mana viper zombies
  2 bloated husks
  A hydra zombie (Swamp:4)
  An alligator zombie (Swamp:2)
  A tarantella zombie (Vaults:1)
  4 guardian serpent zombies
  11 black mamba zombies
  A boulder beetle zombie (D:11)
  2 spriggan zombies (Swamp:4)
  A slime creature zombie (D:13)
  A salamander zombie (Snake:4)
  14 deep troll zombies
  6 two-headed ogre zombies
  3 nagas
  5 cane toad zombies
  A spectral troll (Orc:2)
  A spectral efreet (D:11)
  4 orc warriors
  A spectral yak (Lair:1)
  An elephant zombie (Lair:3)
  A swamp dragon zombie (Swamp:2)
  2 lindwurm zombies (Vaults:1)
  4 blink frog zombies
  An ogre (D:13)
  A spectral golden eye (D:14)
  12 vampire mosquito zombies
  A rime drake zombie (Lair:5)
  A wyvern zombie (D:9)
  6 yaktaur zombies (Vaults:1)
  2 cyclops zombies
  3 water moccasin zombies
  3 warg zombies
  A polar bear zombie (Lair:5)
  9 yak zombies
  3 troll zombies
  13 naga zombies
  2 electric eels (D:13)
  A wolf zombie (Lair:1)
  9 bullfrog zombies
  7 centaur zombies
  An orc priest (Orc:1)
  2 boggart zombies (Vaults:1)
  A scorpion zombie (D:6)
  7 killer bee zombies
  An acid dragon zombie (D:11)
  15 ogre zombies
  A hound zombie (D:4)
  A spectral electric eel (D:13)
  A steam dragon zombie (D:8)
  3 swamp drake zombies (Swamp:4)
  A worm zombie (D:2)
  52 orc zombies
  An adder zombie (D:5)
  A spectral shadow imp (D:6)
  3 orcs
  11 gnoll zombies
  A ball python zombie (D:4)
  2 hobgoblin zombies
  9 kobold zombies
  A rat zombie (D:2)
  4 spectral orcs
  A briar patch (Swamp:4)
  4 demonic plants (Gauntlet)
  4 foxfires (Swamp:4)
  33 fungi
  135 plants
  28 withered plants (Gauntlet)
517 creatures vanquished.

Grand Total: 1837 creatures vanquished

Notes
Turn   | Place    | Note
-------+----------+-------------------------------------------
     0 | D:1      | Spectrina the Merfolk Reaver began the quest for the Orb.
     0 | D:1      | Reached XP level 1. HP: 16/16 MP: 3/3
   154 | D:2      | Reached XP level 2. HP: 22/22 MP: 5/5
   224 | D:3      | Reached skill level 5 in Polearms
   244 | D:4      | Found a staircase to the Ecumenical Temple.
   250 | D:4      | Noticed a phantom
   267 | Temple   | Entered the Ecumenical Temple
   385 | Temple   | Became a worshipper of Yredelemnul the Dark
   579 | D:1      | Reached XP level 3. HP: 27/27 MP: 6/6
  1186 | D:4      | Reached XP level 4. HP: 30/33 MP: 7/7
  1186 | D:4      | Noticed Blork the orc
  1189 | D:4      | Noticed Grinder
  1541 | D:2      | Noticed a black bear
  1555 | D:2      | Killed a black bear
  1556 | D:2      | Reached XP level 5. HP: 38/38 MP: 8/8
  1641 | D:2      | Learned a level 2 spell: Momentum Strike
  1645 | D:2      | Learned a level 3 spell: Hailstorm
  1866 | D:4      | Reached XP level 6. HP: 36/44 MP: 9/9
  1931 | D:4      | Reached * piety under Yredelemnul
  1990 | D:4      | Noticed Ijyb
  1993 | D:4      | Noticed Natasha
  1994 | D:4      | Killed Ijyb
  1995 | D:4      | Reached skill level 1 in Stealth
  2000 | D:4      | Killed Natasha
  2195 | D:4      | Killed Blork the orc
  2196 | D:4      | Reached XP level 7. HP: 19/50 MP: 7/10
  2202 | D:4      | Killed Grinder
  2203 | D:4      | Reached skill level 5 in Invocations
  2220 | D:4      | Noticed Natasha
  2230 | D:4      | Killed Natasha
  2303 | D:4      | Noticed Natasha
  2313 | D:4      | Killed Natasha
  2328 | D:5      | Entered Level 5 of the Dungeon
  2474 | D:5      | Reached XP level 8. HP: 56/56 MP: 12/12
  2926 | D:5      | Reached skill level 5 in Stealth
  3189 | D:6      | Reached XP level 9. HP: 38/61 MP: 3/14
  3224 | D:6      | Reached skill level 1 in Armour
  3381 | D:6      | Reached ** piety under Yredelemnul
  3381 | D:6      | Reached skill level 10 in Polearms
  3482 | D:6      | Noticed Sigmund
  3494 | D:6      | Killed Sigmund
  3494 | D:6      | Your ally Sigmund died
  3751 | D:7      | Learned a level 3 spell: Inner Flame
  3775 | D:7      | Found an ornate altar of the Wu Jian Council.
  3794 | D:7      | Found a hide-covered altar of Uskayaw.
  4133 | D:7      | Found a glowing golden altar of the Shining One.
  4394 | D:8      | Reached skill level 5 in Dodging
  4394 | D:8      | Reached skill level 1 in Hexes
  4395 | D:8      | Upgraded the game from 0.30-a0-711-gf4ac18a38d to
                  | 0.30-a0-715-gdb4ae3ece1
  4408 | D:8      | Found a shimmering altar of Xom.
  4408 | D:8      | Found a burning altar of Makhleb.
  4412 | D:8      | Reached XP level 10. HP: 36/70 MP: 16/16
  4430 | D:8      | Noticed Maurice
  4454 | D:8      | Killed Maurice
  4455 | D:8      | Reached skill level 1 in Fire Magic
  5116 | D:9      | Found Asunimm's Armour Boutique.
  5125 | D:9      | Bought a +2 ring mail of poison resistance for 270 gold
                  | pieces
  5125 | D:9      | Bought a +2 pair of boots for 247 gold pieces
  5150 | D:9      | Learned a level 4 spell: Cause Fear
  5193 | D:9      | Found a flagged portal.
  5273 | Bailey   | Entered a bailey
  5508 | Bailey   | Identified the +5 scale mail of Ongos {Fly Str+6}
  5642 | Bailey   | Reached skill level 5 in Fighting
  6042 | D:9      | Identified the +2 falchion of Xom's Whim {freeze, rElec
                  | Will- rCorr Int+4}
  6050 | D:9      | Found a staircase to the Orcish Mines.
  6055 | Orc:1    | Entered Level 1 of the Orcish Mines
  6055 | Orc:1    | Noticed a two-headed ogre
  6055 | Orc:1    | Noticed a two-headed ogre
  6056 | Orc:1    | Noticed a two-headed ogre
  6057 | Orc:1    | Noticed an ogre mage
  6058 | Orc:1    | Noticed a two-headed ogre
  6060 | Orc:1    | Noticed a two-headed ogre
  6064 | Orc:1    | Killed a two-headed ogre
  6065 | Orc:1    | Reached skill level 10 in Invocations
  6065 | Orc:1    | Reached XP level 11. HP: 44/80 MP: 1/18
  6089 | D:9      | Found a hazy altar of Hepliaklqana.
  6112 | D:9      | Reached skill level 1 in Ice Magic
  6225 | D:9      | Found a runed translucent door.
  6226 | D:9      | Identified the +8 trident "Togobir" {freeze, Will+ Dex+2}
  6230 | D:9      | Noticed purpskrrrp's ghost (journeyman TeFE)
  6301 | D:9      | Noticed a sun demon
  6328 | D:9      | Noticed a sixfirhy
  6988 | D:9      | Killed purpskrrrp's ghost
  7062 | D:10     | Entered Level 10 of the Dungeon
  7669 | D:10     | Noticed a two-headed ogre
  7669 | D:10     | Noticed a cyclops
  7673 | D:10     | Noticed a boulder beetle
  7678 | D:10     | Killed a two-headed ogre
  7684 | D:10     | Noticed a four-headed hydra
  7684 | D:10     | Noticed a fire dragon
  7915 | D:10     | Killed a four-headed hydra
  7916 | D:10     | Reached XP level 12. HP: 80/88 MP: 14/20
  7943 | D:10     | Learned a level 2 spell: Cigotuvi's Dreadful Rot
  7947 | D:10     | Learned a level 3 spell: Mephitic Cloud
  8198 | D:11     | Noticed a two-headed ogre
  8207 | D:11     | Killed a two-headed ogre
  8208 | D:11     | Reached skill level 1 in Poison Magic
  8231 | D:11     | Upgraded the game from 0.30-a0-715-gdb4ae3ece1 to
                  | 0.30-a0-718-geaa24f58ff
  8305 | D:11     | Found a staircase to the Lair.
  8548 | D:11     | Noticed a rakshasa
  8550 | D:11     | Reached skill level 1 in Air Magic
  8557 | D:11     | Reached *** piety under Yredelemnul
  8558 | D:11     | Reached skill level 1 in Necromancy
  8566 | D:11     | Noticed an ogre mage
  8569 | D:11     | Noticed a boulder beetle
  8569 | D:11     | Noticed a boulder beetle
  8572 | D:11     | Reached **** piety under Yredelemnul
  8588 | D:11     | Killed a boulder beetle
  8589 | D:11     | Noticed a two-headed ogre
  8593 | D:11     | Killed an ogre mage
  8606 | D:11     | Killed a two-headed ogre
  8618 | D:11     | Noticed a boulder beetle
  8629 | D:11     | Killed a boulder beetle
  8643 | D:11     | Killed a boulder beetle
  8644 | D:11     | Reached skill level 5 in Spellcasting
  8644 | D:11     | Reached skill level 5 in Hexes
  8650 | D:11     | Noticed a centaur warrior
  8655 | D:11     | Killed a centaur warrior
  8658 | D:11     | Reached XP level 13. HP: 59/95 MP: 2/21
  8799 | D:11     | Reached skill level 5 in Ice Magic
  8807 | D:11     | Killed a rakshasa
  9074 | D:11     | Learned a level 3 spell: Swiftness
  9075 | Lair:1   | Entered Level 1 of the Lair of Beasts
  9084 | Lair:1   | Noticed Grum
  9109 | Lair:1   | Killed Grum
  9308 | Lair:1   | Noticed Maggie
  9316 | Lair:1   | Reached ***** piety under Yredelemnul
  9325 | Lair:1   | Killed Maggie
  9335 | Lair:1   | Reached ****** piety under Yredelemnul
  9572 | Lair:1   | Identified the ring "Sipsen" {rElec MP+9 Int+3 Dex+4}
  9693 | Lair:2   | Reached XP level 14. HP: 64/93 MP: 23/23
  9794 | Lair:2   | Found a gate leading to a gauntlet.
  9816 | Gauntlet | Entered a Gauntlet
  9816 | Gauntlet | Found a transporter.
  9816 | Gauntlet | Found a transporter.
  9821 | Gauntlet | Found a transporter.
  9836 | Gauntlet | Found a transporter.
  9854 | Gauntlet | Found a transporter.
  9863 | Gauntlet | Found a transporter.
  9940 | Gauntlet | Found a transporter.
  9941 | Gauntlet | Found a transporter.
  9960 | Gauntlet | Found a transporter.
  9960 | Gauntlet | Found a transporter.
  9962 | Gauntlet | Found a transporter.
  9978 | Gauntlet | Found a transporter.
 10001 | Gauntlet | Found a transporter.
 10036 | Gauntlet | Found a transporter.
 10050 | Gauntlet | Found a transporter.
 10063 | Gauntlet | Found a transporter.
 10238 | Gauntlet | Identified the amulet "Fiakinit" {Acrobat Int+4}
 10315 | Gauntlet | Identified the +8 morningstar "Carchi Rofoj" {flame, rC+}
 10486 | Lair:2   | Upgraded the game from 0.30-a0-718-geaa24f58ff to
                  | 0.30-a0-719-gcc4359ea44
 10512 | Lair:2   | Found a staircase to the Snake Pit.
 10724 | Lair:2   | Found a staircase to the Swamp.
 10815 | Lair:2   | Reached skill level 5 in Armour
 11073 | Lair:3   | You are sucked into a shaft and drop 2 floors!
 11073 | Lair:5   | Entered Level 5 of the Lair of Beasts
 11086 | Lair:5   | Reached skill level 5 in Poison Magic
 11407 | Lair:5   | Reached skill level 5 in Fire Magic
 11423 | Lair:5   | Learned a level 5 spell: Metabolic Englaciation
 11522 | Lair:5   | Reached skill level 10 in Ice Magic
 11618 | Lair:5   | Reached XP level 15. HP: 75/110 MP: 7/25
 11629 | Lair:5   | Reached skill level 10 in Dodging
 11948 | Lair:4   | Found a staircase to the Slime Pits.
 11965 | Lair:4   | Identified the +2 plate armour of Gujumataxu {Harm}
 12826 | Snake:1  | Entered Level 1 of the Snake Pit
 12856 | Snake:1  | Upgraded the game from 0.30-a0-719-gcc4359ea44 to
                  | 0.30-a0-722-g3e6e8c874d
 13059 | Snake:1  | HP: 5/112 [mana viper (9)]
 13821 | Orc:2    | Entered Level 2 of the Orcish Mines
 13849 | Orc:2    | Noticed Nessos
 13862 | Orc:2    | Killed Nessos
 13951 | Orc:2    | Found Puacreos's Antique Weapon Emporium.
 13963 | Orc:2    | Your ally Nessos died
 14045 | Orc:2    | Found Emuy's Weapon Boutique.
 14046 | Orc:2    | Found Igrumema's Jewellery Shop.
 14051 | Orc:2    | Found Beunoakk's Assorted Antiques.
 14062 | Orc:2    | Found Goshreryck's Antique Weapon Boutique.
 14079 | Orc:2    | Noticed Snorg
 14080 | Orc:2    | Noticed Saint Roka
 14090 | Orc:2    | Killed Snorg
 14103 | Orc:2    | Killed Saint Roka
 14127 | Orc:2    | Noticed Donald
 14141 | Orc:2    | Reached skill level 5 in Air Magic
 14142 | Orc:2    | Killed Donald
 14145 | Orc:2    | Noticed an orc warlord
 14158 | Orc:2    | Reached XP level 16. HP: 90/120 MP: 1/28
 14187 | Orc:2    | Found a staircase to the Elven Halls.
 14297 | Orc:2    | Noticed Urug
 14305 | Orc:2    | Killed Urug
 14359 | Orc:2    | Bought a potion of attraction for 99 gold pieces
 14359 | Orc:2    | Bought a wand of iceblast (2) for 158 gold pieces
 14359 | Orc:2    | Bought a smoking scale mail for 297 gold pieces
 14359 | Orc:2    | Identified the +1 scale mail of the Rose {Harm +Inv Str-4
                  | Int+4} (You bought it in a shop on level 2 of the Orcish
                  | Mines)
 14443 | Orc:2    | Learned a level 4 spell: Anguish
 14548 | Orc:1    | Reached skill level 5 in Necromancy
 14555 | Orc:1    | Paralysed by an orc sorcerer for 5 turns
 15297 | Swamp:1  | Entered Level 1 of the Swamp
 15402 | Swamp:1  | Learned a level 2 spell: Wereblood
 15782 | Swamp:1  | Upgraded the game from 0.30-a0-722-g3e6e8c874d to
                  | 0.30-a0-723-gc1506a1cf0
 16197 | Swamp:2  | Noticed a fenstrider witch
 16206 | Swamp:2  | Killed a fenstrider witch
 16829 | Swamp:3  | Reached skill level 10 in Stealth
 16854 | Swamp:3  | Identified the +9 falchion "Buebe" {flame, Int+3}
 17011 | Swamp:4  | Entered Level 4 of the Swamp
 17083 | Swamp:4  | Noticed a tentacled monstrosity
 17210 | Swamp:4  | Learned a level 2 spell: Passwall
 17333 | Swamp:4  | Killed a tentacled monstrosity
 17333 | Swamp:4  | Enslaved a tentacled monstrosity
 17472 | Swamp:4  | Reached skill level 1 in Transmutations
 17505 | Swamp:4  | Reached XP level 17. HP: 72/127 MP: 11/30
 17738 | Swamp:4  | Reached skill level 10 in Fighting
 17888 | Swamp:4  | Reached skill level 10 in Spellcasting
 18078 | Swamp:4  | Found a basalt altar of Yredelemnul.
 18106 | Swamp:4  | Got a decaying rune of Zot
 18277 | Swamp:4  | Found a blossoming altar of Fedhas.
 18604 | Snake:1  | Noticed Jorgrun
 18647 | Snake:1  | Killed Jorgrun
 18748 | Snake:1  | Reached skill level 15 in Polearms
 18804 | Snake:1  | Identified the +0 ring mail "Dusic" {Str+3}
 18899 | Snake:1  | Found Waaq's General Store.
 18903 | Snake:1  | Found Gyteitou's Book Boutique.
 18917 | Snake:1  | Bought a scroll of fog for 48 gold pieces
 18917 | Snake:1  | Bought a potion of mutation for 96 gold pieces
 18917 | Snake:1  | Bought a potion of curing for 36 gold pieces
 18936 | Snake:1  | Got the Precepts of the Salvo and Beguiling
 19373 | Snake:2  | You are sucked into a shaft and drop 1 floor!
 19895 | Snake:3  | Found Upseh's Assorted Antiques.
 19900 | Snake:3  | Bought a scroll of fear for 124 gold pieces
 19900 | Snake:3  | Bought a potion of mutation for 248 gold pieces
 20068 | Snake:4  | Entered Level 4 of the Snake Pit
 20340 | Snake:2  | Reached XP level 18. HP: 92/136 MP: 10/32
 20371 | Snake:2  | Reached skill level 5 in Transmutations
 21247 | Snake:4  | Learned a level 5 spell: Yara's Violent Unravelling
 21294 | Snake:4  | Learned a level 2 spell: Blink
 21735 | Snake:4  | Noticed Vashnia
 21782 | Snake:4  | Killed Vashnia
 21782 | Snake:4  | Enslaved Vashnia
 21917 | Snake:4  | Got a serpentine rune of Zot
 22454 | D:12     | Noticed Fannar
 22464 | D:12     | Killed Fannar
 22493 | D:12     | Identified the +5 war axe "Meulaa" {freeze, rN+}
 23141 | D:13     | Noticed Lodul
 23152 | D:13     | Reached XP level 19. HP: 70/144 MP: 26/34
 23159 | D:13     | Killed Lodul
 23318 | D:13     | Found Qido's Distillery.
 23324 | D:13     | Bought a potion of haste for 130 gold pieces
 23324 | D:13     | Bought a potion of heal wounds for 65 gold pieces
 23351 | D:13     | Found Rueneomy's Magic Scroll Shop.
 23439 | D:13     | Found Doiwkow's General Store.
 23454 | D:13     | Bought a potion of heal wounds for 60 gold pieces
 23454 | D:13     | Bought a scroll of fog for 48 gold pieces
 23470 | D:13     | Found a white marble altar of Elyvilon.
 23472 | D:13     | Found a blossoming altar of Fedhas.
 23472 | D:13     | Found a shadowy altar of Dithmenos.
 23472 | D:13     | Noticed Rupert
 23487 | D:13     | Killed Rupert
 23488 | D:13     | Found an ancient bone altar of Kikubaaqudgha.
 23488 | D:13     | Found an opulent altar of Gozag.
 23488 | D:13     | Found a shimmering altar of Xom.
 23702 | D:14     | Found a gate to the Vaults.
 23736 | D:14     | Reached skill level 10 in Hexes
 23755 | D:14     | Reached skill level 15 in Ice Magic
 23755 | D:14     | Reached skill level 15 in Invocations
 24050 | D:14     | Found a sparkling altar of Nemelex Xobeh.
 24242 | Vaults:1 | Entered Level 1 of the Vaults
 24354 | D:15     | Entered Level 15 of the Dungeon
 24724 | Vaults:1 | Found Wicvicri's Weapon Emporium.
 24747 | Vaults:1 | Noticed Nikola
 24756 | Vaults:1 | Killed Nikola
 24996 | Vaults:1 | Found the +10 dark maul {heavy}
 25161 | Vaults:1 | Found a radiant altar of Vehumet.
 25176 | Vaults:1 | Identified the +1 hat of Fadghu Idilu {Dex+5}
 25874 | Vaults:1 | Reached XP level 20. HP: 130/153 MP: 36/36
 26034 | Vaults:2 | Gained mutation: You are dopey. (Int -2) [you]
 26063 | Vaults:2 | Found a magical portal.
 26085 | WizLab   | Entered Maxwell's Workshop
 26285 | WizLab   | Learned a level 5 spell: Irradiate
 26285 | WizLab   | Lost mutation: You are dopey. (Int -2) [potion of mutation]
 26285 | WizLab   | Gained mutation: You occasionally lose the ability to read
                  | scrolls when taking damage. [potion of mutation]
 26285 | WizLab   | Lost mutation: You occasionally lose the ability to read
                  | scrolls when taking damage. [potion of mutation]
 26949 | WizLab   | Noticed an electric golem
 27283 | WizLab   | Upgraded the game from 0.30-a0-723-gc1506a1cf0 to
                  | 0.30-a0-726-gd89dcf765f
 28211 | WizLab   | Killed an electric golem
 28223 | WizLab   | Identified the +1 pair of boots "Zianykeg" {rCorr Str+3
                  | Slay+3}
 28936 | Vaults:2 | Noticed Mennas
 28960 | Vaults:2 | Your ally Vashnia died
 28999 | Vaults:2 | HP: 4/155 [Mennas/+2 trishula of holy wrath (10)]
 29001 | Vaults:2 | Slain by Mennas

Illustrated notes

Levels and vault maps discovered:
D:1:      lightli_arrival_farm, layout_basic
D:2:      minmay_general_purpose_star, layout_rooms
D:3:      layout_loops_ring
D:4:      layout_rooms, minmay_temple_entry_mist, minivault_1, uniq_grinder,
          uniq_ijyb, uniq_natasha, uniq_blork_the_orc
D:5:      layout_basic, amcnicky_mini_corridor_feature, st_stairs_12,
          minmay_misc_feat_rows, minmay_misc_feat_nine_boxes
D:6:      layout_basic, uniq_sigmund
D:7:      layout_basic, amcnicky_altar_gilded, nicolae_overflow_squiral
D:8:      layout_gridville, grunt_temple_overflow_champion_of_chaos,
          uniq_maurice
D:9:      layout_basic, worldfamousw_hep_ancestral_shrine, hiddenorc1_lemuel,
          ebering_ghost_funeral_grove, enter_bailey_4, serial_shops,
          nicolae_shop_advertising_works [nicolae_subvault_shop_adworks]
D:10:     minmay_bloctagon, layout_long_grid
D:11:     minmay_the_grid_octo_tiled_octocenter_mashed
          [minmay_the_grid_octo_vomiting_pacman, minmay_the_grid_octo_horde,
          minmay_the_grid_octo_tetromino_candy, minmay_the_grid_octo_checkered,
          minmay_the_grid_octo_prize_square_snowflake,
          minmay_the_grid_square_5x5_eight_small,
          minmay_the_grid_square_5x5_minibox, minmay_the_grid_square_5x5_seven,
          minmay_the_grid_square_5x5_detours], layout_long_grid, nicolae_sextant
D:12:     layout_roguey, uniq_fannar
D:13:     layout_basic, serial_shops, shop_fountains, nicolae_shop_statue_plus,
          shop_statue, doesnt_xom_only_xom, uniq_rupert, uniq_lodul
D:14:     layout_roguey, erik_vaults_2, nemelex_lonely_heart_becter
D:15:     hangedman_depths_entry_civil_slaughter, layout_layer_cave,
          small_statue_alley_a, enter_trove_6
Temple:   nicolae_temple_slightly_damp_pantheon
Lair:1:   layout_big_grid, dpeg_stationary_puzzle, grunt_megastairs_2,
          lemuel_fruit_tree, serial_bayou_shore_b, infiniplex_staircase_pool,
          uniq_maggie, uniq_grum
Lair:2:   nzn_winding_woodlands_small [nzn_winding_woodlands_5x15_concentric,
          nzn_winding_woodlands_center_lodge, nzn_winding_woodlands_5x15_pool],
          layout_cave_pods, minmay_swamp_entry_worms,
          guppyfry_snake_entry_island, gauntlet_entry_generic
Lair:3:   layout_regular_city, hangedman_lair_generics_rect
Lair:4:   layout_cave_shapes, slime_entry_1, minmay_hedge_maze,
          serial_bayou_ford_a, wad_woods_road_02
Lair:5:   minmay_lair_end_frog_pond, layout_regular_city
Swamp:1:  layout_falls_marsh, serial_swamp_ruin, evilmike_swamp_ruin_house_3,
          hangedman_swamp_ruin_hall
Swamp:2:  layout_basic_swamp, hangedman_swamp_ruin_wall, swamp_pool5,
          nicolae_swamp_treefoil, st_swamp_ruins_2
Swamp:3:  layout_basic_swamp, hangedman_swamp_diagram
Swamp:4:  byrel_swamp_growth_death_and_undeath, layout_basic_swamp
Snake:1:  layout_chambers, serial_bayou_shore_a, minmay_shoptagon, uniq_jorgrun
Snake:2:  layout_misc_corridors
Snake:3:  layout_gridlike, serial_shops, shop
Snake:4:  grunt_snake_rune_serpentine_throne, layout_basic,
          serial_bayou_crossing
Orc:1:    layout_diamond_mine, basic_altar
Orc:2:    st_orc_open, layout_caves, serial_shops, shop, uniq_urug, uniq_snorg,
          uniq_nessos, uniq_saint_roka, uniq_donald
Vaults:1: grunt_tower_of_power, v_alt_pattern_2, nicolae_vaults_arrows,
          grunt_vaults_hallway_long, ontoclasm_vaults_twist,
          hangedman_vaults_locks, nicolae_vaults_mini_display_case, v_misc_8,
          grunt_vaults_hallway_long, v_misc_26, vaults_room_pools,
          v_alt_pattern_1, nicolae_vaults_little_squares_2,
          dpeg_vaults_monster_box, layout_vaults_omnibox, uniq_nikola
Vaults:2: infiniplex_enter_wizlab_glasses, nicolae_vaults_inception_scallops,
          hangedman_vaults_capsules, vaults_dpeg_diagonal, v_misc_9,
          vaults_dpeg_spiral, v_misc_11, v_alt_pattern_2,
          layout_vaults_quadrants, uniq_mennas

Skill      XL: |  1  2  3  4  5  6  7  8  9 10 11 12 13 14 15 16 17 18 19 20 |
---------------+-------------------------------------------------------------+-----
Polearms       | 5 6 7 8 9 10 11 12 13 14 15 16 | 16.0
Invocations    | 2 3 4 5 7 8 10 11 12 13 14 15 | 15.8
Stealth        | 2 3 5 6 7 8 9 10 | 10.9
Dodging        | 3 5 6 7 8 9 10 | 10.0
Armour         | 2 3 4 5 6 7 9 |  9.6
Fighting       | 4 5 6 7 8 9 10 11 12 | 12.6
Hexes          | 1 3 4 5 6 7 8 9 10 11 | 11.1
Fire Magic     | 2 3 4 5 |  5.0
Spellcasting   | 3 4 5 6 8 9 10 11 12 | 12.0
Ice Magic      | 2 4 7 10 11 12 13 14 15 16 | 16.0
Poison Magic   | 2 4 5 |  5.0
Air Magic      | 2 3 4 5 |  5.0
Necromancy     | 2 3 4 5 6 7 8 |  8.6
Transmutations | 1 4 6 8 9 |  9.2
Conjurations   | 3 4 |  4.5

Action                     |  1- 3 |  4- 6 |  7- 9 | 10-12 | 13-15 | 16-18 | 19-21 || total
---------------------------+-------+-------+-------+-------+-------+-------+-------++-------
  Melee: Spear             |   122 |   113 |   199 |     6 |       |       |       ||   440
         Punch             |       |     1 |       |       |       |       |       ||     1
         Trident           |       |       |       |   385 |   854 |   888 |   593 ||  2720
         Tailslap          |       |       |       |     1 |       |       |       ||     1
   Fire: Sling             |       |     1 |       |       |       |       |       ||     1
  Throw: Dart              |       |       |     2 |    23 |       |     4 |     2 ||    31
         Javelin           |       |       |       |       |       |       |    13 ||    13
   Cast: Momentum Strike   |       |     1 |    17 |    16 |     1 |       |       ||    35
         Hailstorm         |       |       |     9 |    31 |    10 |     4 |    22 ||    76
         Kiss of Death     |       |       |     3 |       |       |       |       ||     3
         Inner Flame       |       |       |     5 |    45 |    10 |     1 |       ||    61
         Cigotuvi's Dreadf |       |       |       |       |     4 |       |       ||     4
         Mephitic Cloud    |       |       |       |       |     2 |       |       ||     2
         Metabolic Englaci |       |       |       |       |    31 |   132 |    78 ||   241
         Swiftness         |       |       |       |       |     4 |     1 |     1 ||     6
         Cause Fear        |       |       |       |       |     9 |       |     4 ||    13
         Anguish           |       |       |       |       |       |    76 |    57 ||   133
         Yara's Violent Un |       |       |       |       |       |     4 |     3 ||     7
         Irradiate         |       |       |       |       |       |       |    16 ||    16
         Blink             |       |       |       |       |       |       |     1 ||     1
         Wereblood         |       |       |       |       |       |       |     1 ||     1
 Invoke: Recall Undead Har |       |     1 |       |     1 |     4 |    47 |    21 ||    74
         Dark Bargain      |       |       |       |     2 |     2 |     8 |    11 ||    23
         Bind Soul         |       |       |       |       |     1 |     3 |     1 ||     5
         Drain Life        |       |       |       |       |     1 |     5 |     2 ||     8
  Evoke: Wand              |       |    17 |    19 |    11 |    10 |    15 |    10 ||    82
         Condenser vane    |       |       |       |       |     2 |     2 |     2 ||     6
         Piece from Xom's  |       |       |       |       |     2 |       |       ||     2
         Phial of floods   |       |       |       |       |     1 |     3 |     1 ||     5
    Use: Scroll            |     6 |       |     6 |    12 |     9 |     8 |     4 ||    45
         Potion            |       |       |     2 |    11 |     7 |     6 |    21 ||    47
   Stab: Sleeping          |     1 |       |     2 |     2 |     5 |     3 |     1 ||    14
         Paralysed         |       |     8 |     3 |       |       |     3 |     4 ||    18
         Distracted        |       |     1 |     1 |     1 |    17 |    18 |    19 ||    57
         Confused          |       |       |       |       |     5 |     1 |       ||     6
         Petrified         |       |       |       |       |     1 |       |     8 ||     9
         Fleeing           |       |       |       |       |       |     1 |       ||     1
 Armour: Leather armour    |    22 |     7 |       |       |       |       |       ||    29
         Robe              |       |       |    22 |     2 |       |       |       ||    24
         Scale mail        |       |       |       |   112 |   174 |   178 |   156 ||   620
         Ring mail         |       |       |       |    20 |       |       |       ||    20
  Dodge: Dodged            |    63 |    34 |    75 |   242 |   349 |   319 |   275 ||  1357

Table legend: (Time is in decaauts)
 A = Elapsed time spent in this place.
 B = Non-inter-level travel time spent in this place.
 C = Inter-level travel time spent in this place.
 D = Time resting spent in this place.
 E = Time spent auto-exploring this place.
 F = Levels seen in this place.
 G = Mean time per level.
                   A        B        C        D        E       F      G
               +--------+--------+--------+--------+--------+-----+--------+
         Total |  26850 |  23152 |   3698 |    577 |      0 |  36 |  745.8 |
       Dungeon |  10616 |   8672 |   1944 |      0 |      0 |  15 |  707.7 |
        Temple |    143 |    132 |     11 |      0 |      0 |   1 |  143.0 |
          Lair |   3178 |   2763 |    415 |      0 |      0 |   5 |  635.6 |
         Swamp |   2398 |   2192 |    206 |      0 |      0 |   4 |  599.5 |
     Snake Pit |   3861 |   3310 |    551 |      0 |      0 |   4 |  965.2 |
  Orcish Mines |   1262 |    890 |    372 |      0 |      0 |   2 |  631.0 |
        Vaults |   2169 |   1972 |    197 |      0 |      0 |   2 | 1084.5 |
        Bailey |    584 |    584 |      0 |      0 |      0 |   1 |  584.0 |
        Wizlab |   2105 |   2105 |      0 |    577 |      0 |   1 | 2105.0 |
      Gauntlet |    529 |    529 |      0 |      0 |      0 |   1 |  529.0 |
               +--------+--------+--------+--------+--------+-----+--------+

Top non-repeatable levels by time:
  WizLab: 2105 daAuts
     D:9: 1518 daAuts
Vaults:1: 1380 daAuts
 Snake:4: 1315 daAuts
 Snake:1: 1096 daAuts
    D:10: 1066 daAuts
    D:11: 1030 daAuts
 Swamp:4: 964 daAuts
  Lair:2: 866 daAuts
 Snake:3: 833 daAuts
Vaults:2: 789 daAuts
   Orc:2: 766 daAuts
    D:14: 758 daAuts
     D:7: 742 daAuts
     D:6: 735 daAuts
